[Event "Bhopal GM Open 2019"]
[Site "Bhopal"]
[Date "2019.12.26"]
[Round "8.20"]
[White "Rathore, S.K."]
[Black "Aditya Rawat"]
[Result "1/2-1/2"]
[ECO "B01"]
[WhiteElo "1939"]
[BlackElo "1600"]
[Annotator "NA RC"]
[PlyCount "113"]
[EventDate "2019.12.21"]
[EventType "swiss"]
[EventCountry "IND"]
[SourceTitle "playchess.com"]
[Source "ChessBase"]
[SourceQuality "1"]
[TimeControl "5400+30"]

1. e4 d5 2. exd5 Nf6 3. d4 Bg4 4. Be2 Bxe2 5. Qxe2 Qxd5 6. Nf3 Nc6 7. Be3 {[%emt 0:03:44] B01: Scandinavian Defence} e6 8. O-O Bd6 (8... O-O-O 9. c4 Qf5 10. Nc3 Bd6 11. Rad1 Rhe8 12. Rfe1 Bb4 13. a3 Bxc3 14. bxc3 Qa5 15. Qb2 Qa6 16. Rb1 Na5 17. Ne5 Nxc4 18. Nxc4 Qxc4 19. Qxb7+ {0-1 (58) Andriasian,Z (2600)-Adhiban,B (2683) chess.com INT 2019}) 9. Re1 Qh5 $146 ({Predecessor:} 9... O-O-O 10. c4 Qh5 11. c5 Bf8 12. Nc3 Rg8 13. b4 g5 14. Qc4 g4 15. Ne5 Nxe5 16. dxe5 {1-0 (45) Abreu Delgado,A (2442)-Sanchez Aller,F (2261) Cambados 2005}) 10. h3 O-O-O 11. c4 g5 12. c5 (12. Nxg5 $11 {keeps the balance.} Qg6 13. f4) 12... Bf4 13. Nc3 Bxe3 14. fxe3 g4 15. hxg4 Nxg4 16. Ne4 Rhg8 17. b4 Qg6 ({Inferior is} 17... Nxb4 18. Rab1 $11) 18. Neg5 h6 (18... Nxb4 19. Qb5 $11) 19. Nh3 Qf5 20. e4 (20. Kh1 $17 {was worth a try.}) 20... Qf6 21. e5 (21. d5 $142 exd5 22. e5) 21... Qf5 22. Qe4 {[%emt 0:05:23] [#]} Ne3 $1 23. Rxe3 Qxh3 $1 24. Nh2 $2 {[%emt 0:00:30] [#]} (24. Nh4 {is more resistant.} Qg4 25. Qxg4 Rxg4 26. Nf3) 24... Qh5 $2 (24... Rxg2+ $1 25. Qxg2 Qxe3+ {[%mdl 64] Double Attack} 26. Kh1 Qxd4 {[%mdl 64] Double Attack}) 25. Rd3 Qg6 26. Qxg6 Rxg6 27. Nf3 Nxb4 28. Rd2 Rdg8 29. Rf1 Nd5 30. Nh2 Ne3 31. Rff2 c6 32. Nf1 Nf5 33. Nh2 (33. Rf3 $17) 33... h5 34. Rf3 h4 35. Nf1 Rg4 36. Ne3 Nxe3 37. Rxe3 Rf4 38. Rf2 Rgg4 39. Ref3 Rxf3 40. Rxf3 Rxd4 41. Rxf7 Rd5 42. Rf8+ Kd7 43. Rf7+ Kd8 44. Rxb7 a5 45. Rh7 Rxe5 46. Rxh4 Rxc5 47. a4 (47. Ra4 $15) 47... Kd7 48. Kf2 (48. Rh7+ $17 {was the only chance.} Kd6 49. Ra7) 48... Rd5 ({Better is} 48... Kd6 $17 49. Rh1 Rc4) 49. Ke3 (49. Rh7+ $1 $11 {remains equal.} Kd6 50. Ra7) 49... Rg5 (49... c5 $17 50. Rh7+ Kd6) 50. g4 $17 (50. Rh7+ $1 $11 Kd6 51. Ra7) 50... e5 51. Rh7+ Kd6 52. Ra7 Rxg4 53. Rxa5 Rb4 54. Ra8 Kc5 55. Ra5+ Kb6 56. Rxe5 Rxa4 57. Kd3 1/2-1/2

[Event "Bhopal GM Open 2019"]
[Site "Bhopal"]
[Date "2019.12.27"]
[Round "9.14"]
[White "Varun, Vij"]
[Black "Sreehith Reddy R"]
[Result "1-0"]
[ECO "E63"]
[WhiteElo "1964"]
[BlackElo "1865"]
[Annotator "NA RC"]
[PlyCount "95"]
[EventDate "2019.12.21"]
[EventType "swiss"]
[EventCountry "IND"]
[SourceTitle "playchess.com"]
[Source "ChessBase"]
[SourceQuality "1"]
[TimeControl "5400+30"]

1. d4 Nf6 2. Nf3 g6 3. g3 Bg7 4. Bg2 O-O 5. O-O d6 6. c4 Nc6 7. Nc3 a6 8. h3 Bd7 9. e4 e5 {[%emt 0:01:35] E63: King's Indian: Fianchetto: Panno Variation with 7...a6} 10. dxe5 Nxe5 (10... dxe5 11. Be3 Be6 12. Qa4 h6 13. Rad1 Qb8 14. Rfe1 Rd8 15. c5 Qa7 16. b4 Rac8 17. a3 Qb8 18. Qc2 Rxd1 19. Rxd1 {0-1 (58) Khismatullin,D (2634)-Fedoseev,V (2707) Satka 2018}) 11. c5 Ne8 12. Nxe5 dxe5 13. Kh2 $146 ({Predecessor:} 13. Qb3 Qc8 14. Nd5 Kh8 15. Kh2 Be6 16. Qc2 f5 17. exf5 gxf5 {1-0 (27) Grossi,R (1888)-Harman,K (1806) ICCF email 2014}) 13... h6 14. Qb3 Qb8 15. Be3 Be6 16. Qc2 c6 17. b4 Nc7 18. a4 Qe8 19. Rfd1 f5 20. exf5 gxf5 21. Rd6 Qf7 22. f4 e4 23. Bd4 Bxd4 24. Rxd4 Nd5 25. Nxd5 Bxd5 26. Qd2 Qg7 27. Ra3 Kh8 28. g4 Rg8 29. Rg3 Qf6 30. Qe3 Raf8 31. gxf5 Rxg3 32. Kxg3 Qxf5 33. Bxe4 Rg8+ 34. Kh2 Qe6 35. Qf3 Bxe4 36. Rxe4 Qa2+ 37. Re2 Qf7 38. Qc3+ Rg7 39. Qe5 Kh7 40. Qe4+ Kg8 41. Qe6 Kh7 42. Qxf7 Rxf7 43. Kg3 Kg7 44. Re6 Rd7 45. Kg4 Rf7 46. f5 Rd7 47. Rd6 Rf7 48. Kf4 $18 1-0

[Event "Bhopal GM Open 2019"]
[Site "Bhopal"]
[Date "2019.12.27"]
[Round "9.17"]
[White "Mahindrakar Indrajeet"]
[Black "Chudasama Ankit"]
[Result "1-0"]
[ECO "B22"]
[WhiteElo "2042"]
[BlackElo "1822"]
[Annotator "NA RC"]
[PlyCount "133"]
[EventDate "2019.12.21"]
[EventType "swiss"]
[EventCountry "IND"]
[SourceTitle "playchess.com"]
[Source "ChessBase"]
[SourceQuality "1"]
[TimeControl "5400+30"]

1. e4 c5 2. c3 Nf6 3. e5 Nd5 4. g3 d6 $15 5. exd6 e6 6. Bg2 Bxd6 7. Nf3 Nc6 8. O-O O-O 9. d4 cxd4 10. Nxd4 Nxd4 11. Qxd4 Qc7 12. Nd2 Bd7 13. Qd3 Bc6 14. Ne4 Be7 15. Qe2 Rac8 16. Re1 Rfd8 17. h4 h6 18. Nd2 b5 19. Nf3 Bf6 20. Nh2 b4 21. c4 Nb6 22. Ng4 Bd4 23. Bf4 e5 24. Nxe5 Bxg2 25. Kxg2 Bxe5 26. Bxe5 Qxc4 27. Qf3 Rd3 28. Re3 Rxe3 29. fxe3 Qc2+ 30. Kh3 Rc5 31. Bd4 Rf5 32. Rc1 Qxc1 33. Qxf5 Qh1+ 34. Kg4 Qd1+ 35. Kh3 h5 36. Qe4 Nc4 37. Qa8+ Kh7 38. Qe4+ g6 39. Qa8 Qg4+ 40. Kh2 Qe2+ 41. Qg2 Qxg2+ 42. Kxg2 a6 43. Kf3 Nd2+ 44. Kf4 Kg8 45. b3 Nb1 46. Ke4 Nd2+ 47. Kd3 Nf1 48. Be5 f6 49. Bc7 Kf7 50. g4 g5 51. Ke2 gxh4 52. Kxf1 hxg4 53. Bd6 Ke6 54. Bxb4 Kf5 55. Be1 g3 56. Kg2 Kg4 57. b4 h3+ 58. Kh1 Kf3 59. Bxg3 Kxg3 60. a4 Kf3 61. b5 axb5 62. axb5 Kxe3 63. b6 f5 64. b7 f4 65. b8=Q f3 66. Kg1 Ke2 67. Qh2+ 1-0

[Event "Bhopal GM Open 2019"]
[Site "Bhopal"]
[Date "2019.12.27"]
[Round "9.18"]
[White "Love Jindal"]
[Black "Sri Sai Baswanth P"]
[Result "0-1"]
[ECO "A67"]
[WhiteElo "1714"]
[BlackElo "2027"]
[Annotator "NA RC"]
[PlyCount "118"]
[EventDate "2019.12.21"]
[EventType "swiss"]
[EventCountry "IND"]
[SourceTitle "playchess.com"]
[Source "ChessBase"]
[SourceQuality "1"]
[TimeControl "5400+30"]

1. d4 Nf6 2. c4 c5 3. d5 e6 4. Nc3 exd5 5. cxd5 d6 6. e4 g6 7. f4 Bg7 8. Bb5+ Nfd7 9. Nf3 a6 10. Bd3 b5 11. O-O O-O 12. a3 Bb7 13. Kh1 Qe7 14. f5 Ne5 15. Bg5 Bf6 16. Bxf6 Qxf6 17. fxg6 hxg6 18. Qd2 Nbd7 19. Ng5 Qh8 20. Be2 Qh6 21. Qf4 c4 22. Nd1 f6 23. Ne6 Qxf4 24. Rxf4 Rf7 25. Nc3 Nf8 26. Raf1 Re8 27. Nd4 Kg7 28. h4 Bc8 29. h5 Nh7 30. hxg6 Nxg6 31. Rf5 Ng5 32. Bf3 Rh8+ 33. Kg1 Nh4 34. Rf4 Ng6 35. Rf5 Kf8 36. Bg4 Bxf5 37. Bxf5 Ne5 38. Be6 Rfh7 39. Rxf6+ Ke7 40. Rf5 Ng4 41. Kf1 Nxe6 42. dxe6 Ne3+ 43. Ke2 Nxf5 44. Nd5+ Kf8 45. exf5 Rh4 46. Ke3 R8h5 47. e7+ Kf7 48. Ne6 Rh6 49. Nd8+ Ke8 50. Nc6 Rh8 51. f6 R4h5 52. Ke4 Rg5 53. Nd8 Re5+ 54. Kd4 Rh4+ 55. Kc3 Rxd5 56. Ne6 Re5 57. Nc7+ Kf7 58. Kb4 c3+ 59. Kxc3 Rc4+ 0-1

[Event "Bhopal GM Open 2019"]
[Site "Bhopal"]
[Date "2019.12.27"]
[Round "9.19"]
[White "Trivedi Karan R"]
[Black "Lund Rachit"]
[Result "1-0"]
[ECO "A45"]
[WhiteElo "1949"]
[BlackElo "1625"]
[Annotator "NA RC"]
[PlyCount "105"]
[EventDate "2019.12.21"]
[EventType "swiss"]
[EventCountry "IND"]
[SourceTitle "playchess.com"]
[Source "ChessBase"]
[SourceQuality "1"]
[TimeControl "5400+30"]

1. d4 Nf6 2. Nc3 d5 3. Bf4 Bf5 4. e3 e6 5. Nf3 Be7 6. Ne5 Nfd7 7. g4 Bg6 8. Nxg6 hxg6 9. Nb5 Bb4+ 10. c3 Ba5 11. Qa4 Nc6 12. b4 Bb6 13. c4 dxc4 14. Bg2 O-O 15. Nc3 Nxd4 16. exd4 Bxd4 17. Bd2 Qf6 18. O-O c6 19. Rad1 Ne5 20. Ne4 Qh4 21. Bg5 Qxg4 22. Kh1 Nd3 23. Qc2 b5 24. Rxd3 cxd3 25. Qxd3 Bb6 26. Be7 Rfe8 27. Bf6 Qf5 28. Bb2 Rad8 29. Qg3 e5 30. Ng5 e4 31. Qh4 Bd4 32. Bc1 Bf6 33. Re1 Bxg5 34. Bxg5 f6 35. Be3 Qd7 36. Bxe4 f5 37. Bf3 Qd6 38. Rc1 Qd3 39. Rd1 Qc4 40. Qxc4+ bxc4 41. Rc1 f4 42. Bxa7 Rd3 43. Bxc6 Red8 44. Bb5 Rd1+ 45. Rxd1 Rxd1+ 46. Kg2 c3 47. Ba4 Rd2 48. Bb3+ Kh7 49. b5 Rxa2 50. b6 Rb2 51. Ba4 g5 52. Kf3 Kg6 53. Kg4 1-0

[Event "Bhopal GM Open 2019"]
[Site "Bhopal"]
[Date "2019.12.28"]
[Round "10.6"]
[White "Mirzoev, Azer"]
[Black "Sharan, Rao"]
[Result "1/2-1/2"]
[ECO "E21"]
[WhiteElo "2457"]
[BlackElo "1912"]
[Annotator "ChessBase"]
[PlyCount "113"]
[EventDate "2019.12.21"]
[EventType "swiss"]
[EventCountry "IND"]
[SourceTitle "playchess.com"]
[Source "ChessBase"]
[SourceQuality "1"]
[TimeControl "5400+30"]

1. d4 Nf6 2. Nf3 e6 3. c4 b6 4. Nc3 Bb7 5. Qc2 Bb4 6. a3 Bxc3+ 7. Qxc3 Ne4 8. Qc2 O-O 9. g3 d5 10. Bg2 Nd7 11. O-O c5 12. cxd5 Bxd5 13. Ne5 Nef6 14. e4 Bb7 15. Rd1 Qc8 16. Nxd7 Nxd7 17. Be3 cxd4 18. Qxc8 Raxc8 19. Bxd4 Rfd8 20. f3 f6 21. Rac1 Rxc1 22. Rxc1 Rc8 23. Rd1 Kf7 24. Bc3 Ke7 25. h4 Rd8 26. Rc1 Nc5 27. Bb4 Rc8 28. Bf1 a5 29. Bd2 Nb3 30. Rxc8 Bxc8 31. Be3 Nc5 32. Kf2 Kd6 33. Ke1 g6 34. Kd2 f5 35. exf5 exf5 36. Kc3 Bb7 37. Be2 Na4+ 38. Kc2 Nc5 39. Bf4+ Kd5 40. Be3 Kd6 41. b3 Bd5 42. Kc3 Kc6 43. b4 Na4+ 44. Kd4 axb4 45. axb4 b5 46. Bc1 Nb6 47. Ke5 Bc4 48. Bd1 Nd5 49. Bd2 Kd7 50. g4 fxg4 51. fxg4 Ke7 52. Bf3 Nc7 53. Bg5+ Kf7 54. Kd6 Ne8+ 55. Kc5 Nf6 56. Bf4 Ke6 57. Kd4 1/2-1/2

[Event "Bhopal GM Open 2019"]
[Site "Bhopal"]
[Date "2019.12.28"]
[Round "10.12"]
[White "Rathneesh R"]
[Black "Varun, V."]
[Result "1/2-1/2"]
[ECO "A15"]
[WhiteElo "2006"]
[BlackElo "2250"]
[Annotator "ChessBase"]
[PlyCount "46"]
[EventDate "2019.12.21"]
[EventType "swiss"]
[EventCountry "IND"]
[SourceTitle "playchess.com"]
[Source "ChessBase"]
[SourceQuality "1"]
[TimeControl "5400+30"]

1. c4 Nf6 2. g3 g6 3. Bg2 Bg7 4. Nc3 O-O 5. d3 c5 6. Rb1 Nc6 7. a3 a5 8. Bd2 Rb8 9. Nf3 d5 10. cxd5 Nxd5 11. O-O Nc7 12. Ne4 b6 13. Qc1 f5 14. Nc3 e5 15. Bh6 Qf6 16. Bg5 Qd6 17. Nd2 b5 18. Nce4 fxe4 19. Nxe4 Qd7 20. Nxc5 Qd6 21. Ne4 Qd7 22. Nc5 Qd6 23. Ne4 Qd7 1/2-1/2

[Event "Bhopal GM Open 2019"]
[Site "Bhopal"]
[Date "2019.12.28"]
[Round "10.17"]
[White "Deshmukh, Anup"]
[Black "Mithil Anande P"]
[Result "1-0"]
[ECO "A50"]
[WhiteElo "2168"]
[BlackElo "1632"]
[Annotator "ChessBase"]
[PlyCount "51"]
[EventDate "2019.12.21"]
[EventType "swiss"]
[EventCountry "IND"]
[SourceTitle "playchess.com"]
[Source "ChessBase"]
[SourceQuality "1"]
[TimeControl "5400+30"]

1. d4 Nf6 2. c4 Nc6 3. Nf3 e6 4. a3 d6 5. Nc3 g6 6. h4 Bg7 7. e4 a6 8. Be2 Bd7 9. Be3 O-O 10. Qd2 Re8 11. Bh6 Bh8 12. Bg5 e5 13. dxe5 dxe5 14. h5 Nd4 15. hxg6 fxg6 16. Nd5 Nxf3+ 17. gxf3 Be6 18. Bxf6 Bxf6 19. Qh6 Bxd5 20. Qxh7+ Kf8 21. cxd5 Re7 22. Qxg6 Rf7 23. d6 Qxd6 24. Bc4 Rg7 25. Rh8+ Ke7 26. Rh7 1-0

[Event "Bhopal GM Open 2019"]
[Site "Bhopal"]
[Date "2019.12.28"]
[Round "10.18"]
[White "Gokhale Rishabh Chandrashekhar"]
[Black "Jay Kundaliya"]
[Result "0-1"]
[ECO "A48"]
[WhiteElo "1927"]
[BlackElo "2088"]
[Annotator "NA RC"]
[PlyCount "84"]
[EventDate "2019.12.21"]
[EventType "swiss"]
[EventCountry "IND"]
[SourceTitle "playchess.com"]
[Source "ChessBase"]
[SourceQuality "1"]
[TimeControl "5400+30"]

1. Nf3 Nf6 2. d4 g6 3. Bf4 Bg7 4. e3 d6 5. h3 O-O 6. Be2 Nfd7 7. O-O e5 8. Bh2 Nc6 9. c4 f5 10. Nc3 h6 11. Rb1 g5 12. d5 Ne7 13. b4 a5 14. a3 axb4 15. axb4 Ng6 16. Nb5 e4 17. Nfd4 Nde5 18. Qc2 c6 19. Nc3 c5 20. bxc5 dxc5 21. Ne6 Bxe6 22. dxe6 Ra6 23. Rxb7 Rxe6 24. Rd1 Qa5 25. Kh1 Rf7 26. Rb5 Qa3 27. Rb8+ Kh7 28. Nb5 Qa6 29. Rbd8 Nc6 30. R8d6 Rxd6 31. Nxd6 Rf8 32. Bh5 Nb4 33. Qe2 Nd3 34. g4 Nge5 35. Nxf5 Qxc4 36. Bxe5 Bxe5 37. f3 Rd8 38. Rf1 Rb8 39. fxe4 Rb2 40. Qf3 Qc2 41. Bg6+ Kh8 42. Ng3 Qh2# 0-1

[Event "Bhopal GM Open 2019"]
[Site "Bhopal"]
[Date "2019.12.28"]
[Round "10.19"]
[White "Shiva Pavan Teja Sharma U"]
[Black "Jani Kushal R"]
[Result "1/2-1/2"]
[ECO "B90"]
[WhiteElo "2072"]
[BlackElo "1611"]
[Annotator "NA RC"]
[PlyCount "60"]
[EventDate "2019.12.21"]
[EventType "swiss"]
[EventCountry "IND"]
[SourceTitle "playchess.com"]
[Source "ChessBase"]
[SourceQuality "1"]
[TimeControl "5400+30"]

1. e4 c5 2. Nf3 d6 3. d4 cxd4 4. Nxd4 Nf6 5. Nc3 a6 6. Be3 e5 7. Nb3 Be7 8. f3 Be6 9. Qd2 O-O 10. O-O-O b5 11. Kb1 Nbd7 12. Qf2 {[%emt 0:01:57] B90: Sicilian Najdorf: Unusual White 6th moves, 6 Be3 Ng4 and 6 Be3 e5} (12. Bd3 Nb6 13. Qf2 Nc4 14. Bxc4 bxc4 15. Nc5 Qc7 16. Nxe6 fxe6 17. Qg3 Rab8 18. Qh3 Kf7 19. f4 Qa5 {1-0 (36) McShane,L (2615)-Chuchelov,V (2598) Germany 2010}) 12... b4 13. Nd5 Bxd5 14. exd5 a5 15. Bb5 a4 16. Nd2 $146 ({Better is Predecessor:} 16. Nc1 $15 Qa5 17. Bc6 Rac8 18. g4 Nc5 19. Nd3 Nfd7 {1-0 (43) Kakuk,S (2188)-Kovacs,R (2081) Hungary 2013}) 16... Nxd5 17. Nc4 Nxe3 18. Qxe3 Qc7 19. Bxd7 Qxc4 $17 20. Qd3 Qxd3 21. Rxd3 g6 22. Bc6 Ra7 23. b3 a3 24. Bd5 Rc8 25. Re1 Rac7 26. Re2 Kg7 27. Rde3 Rc5 28. Rd3 f5 29. h3 Rc3 30. Rxc3 Rxc3 1/2-1/2